BSA
NEW ORLEANS LOOTERS @ ORLANDO CALRISSIAN
07/24/2026
 
TOP OF THE 1ST
New Orleans Looters batting - Pitching for Orlando Calrissian : RHP Tony Guerrero
Pitching: RHP Tony Guerrero
Batting: LHB Francisco Vega 0-0: Called Strike
0-1: Ball
1-1: Ball
2-1: Foul Ball, location: 2F
2-2: SINGLE (Groundball, 34)
Batting: RHB Stephen Shaw 0-0: Swinging Strike
0-1: Swinging Strike
0-2: Ball
Francisco Vega is caught stealing 2nd base
1-2: Ball
2-2: Ball
3-2: Foul Ball, location: 2F
3-2: Base on Balls
Batting: LHB Taylor Smith 0-0: Ball
1-0: Swinging Strike
Balk!
Stephen Shaw to second
1-1: Swinging Strike
1-2: Strikes out swinging
Batting: SHB Zach Franks 0-0: Called Strike
0-1: Ground out 3-1 (Groundball, 3L)
Top of the 1st over - 0 run(s), 1 hit(s), 0 error(s), 1 left on base; New Orleans 0 - Orlando 0
BOTTOM OF THE 1ST
Orlando Calrissian batting - Pitching for New Orleans Looters : RHP Chris Martin
Pitching: RHP Chris Martin
Batting: LHB Danny Allen 0-0: Ball
1-0: Foul Ball, location: 2F
1-1: Ball
2-1: Called Strike
2-2: Fly out, F9 (Flyball, 89M)
Batting: SHB Tim Abbott 0-0: Ground out U3 (Groundball, 3)
Batting: LHB Santiago Márquez 0-0: Ground out 4-3 (Groundball, 4)
Bottom of the 1st over - 0 run(s), 0 hit(s), 0 error(s), 0 left on base; New Orleans 0 - Orlando 0
TOP OF THE 2ND
New Orleans Looters batting - Pitching for Orlando Calrissian : RHP Tony Guerrero
Batting: LHB Luis Sánchez 0-0: Ball
1-0: Foul Ball, location: 2F
1-1: DOUBLE (Line Drive, 9D)
Batting: SHB Nate Rhodes 0-0: Called Strike
0-1: Ball
1-1: Ball
2-1: Swinging Strike
2-2: Ground out U3 (Groundball, 3)
Luis Sánchez to third
Batting: RHB Rich Ruffin 0-0: Ball
1-0: Called Strike
1-1: Ball
2-1: Ball
3-1: Ground out 4-3 (Groundball, 4M)
Luis Sánchez scores
Batting: RHB Dave O'Loan 0-0: Ball
1-0: SINGLE (Line Drive, 78M)
Batting: RHB Ángel Castaneda 0-0: Ball
1-0: Called Strike
1-1: Swinging Strike
1-2: Ball
2-2: Ball
3-2: SINGLE (Groundball, 56D)
Dave O'Loan to second
Dave O'Loan to third
Batting: LHB Francisco Vega 0-0: Ball
Wild Pitch!
Dave O'Loan scores
Ángel Castaneda to second
1-0: Fly out, F4 (Popup, 4MD)
Top of the 2nd over - 2 run(s), 3 hit(s), 0 error(s), 1 left on base; New Orleans 2 - Orlando 0
BOTTOM OF THE 2ND
Orlando Calrissian batting - Pitching for New Orleans Looters : RHP Chris Martin
Batting: RHB Rich Anderson 0-0: Ball
1-0: Ball
2-0: Called Strike
2-1: Called Strike
2-2: Strikes out swinging
Batting: LHB Juan Colón 0-0: Ground out 1-3 (Groundball, 13S)
Batting: RHB Kenny Cole 0-0: Ball
1-0: Fly out, F5 (Line Drive, 5)
Bottom of the 2nd over - 0 run(s), 0 hit(s), 0 error(s), 0 left on base; New Orleans 2 - Orlando 0
TOP OF THE 3RD
New Orleans Looters batting - Pitching for Orlando Calrissian : RHP Tony Guerrero
Batting: RHB Stephen Shaw 0-0: Called Strike
0-1: DOUBLE (Line Drive, 7LM)
Batting: LHB Taylor Smith 0-0: Called Strike
0-1: DOUBLE (Line Drive, 78XD)
Stephen Shaw scores
Batting: SHB Zach Franks 0-0: Foul Ball, location: 2F
0-1: Ball
1-1: Swinging Strike
1-2: Foul Ball, location: 2F
1-2: Ground out 4-3 (Groundball, 4)
Taylor Smith to third
Batting: LHB Luis Sánchez 0-0: Ball
1-0: Foul Ball, location: 2F
1-1: Foul Ball, location: 2F
1-2: Strikes out swinging
Batting: SHB Nate Rhodes 0-0: Called Strike
0-1: Foul Ball, location: 2F
0-2: SINGLE (Line Drive, 9LS)
Taylor Smith scores
Batting: RHB Rich Ruffin 0-0: Called Strike
0-1: Fly out, F8 (Flyball, 8LS)
Top of the 3rd over - 2 run(s), 3 hit(s), 0 error(s), 1 left on base; New Orleans 4 - Orlando 0
BOTTOM OF THE 3RD
Orlando Calrissian batting - Pitching for New Orleans Looters : RHP Chris Martin
Batting: RHB Frederico Hernández 0-0: Ball
1-0: Called Strike
1-1: Ground out 6-3 (Groundball, 6M)
Batting: RHB Robby Lewis 0-0: Fly out, F8 (Flyball, 8RM)
Batting: RHB Enrique Bermúdez 0-0: Ball
1-0: Ground out 6-3 (Groundball, 6M)
Bottom of the 3rd over - 0 run(s), 0 hit(s), 0 error(s), 0 left on base; New Orleans 4 - Orlando 0
TOP OF THE 4TH
New Orleans Looters batting - Pitching for Orlando Calrissian : RHP Tony Guerrero
Batting: RHB Dave O'Loan 0-0: Called Strike
0-1: Ball
1-1: Foul Ball, location: 2F
1-2: Foul Ball, location: 2F
1-2: Fly out, F7 (Flyball, 7LSF)
Batting: RHB Ángel Castaneda 0-0: Called Strike
0-1: Swinging Strike
0-2: Foul Ball, location: 2F
0-2: Strikes out swinging
Batting: LHB Francisco Vega 0-0: Swinging Strike
0-1: Ball
1-1: Foul Ball, location: 2F
1-2: SINGLE (Line Drive, 78S)
Batting: RHB Stephen Shaw 0-0: Called Strike
0-1: Ball
1-1: Swinging Strike
1-2: Foul Ball, location: 2F
1-2: Ball
2-2: Foul Ball, location: 2F
2-2: Hit by Pitch
Francisco Vega to second
Batting: LHB Taylor Smith 0-0: SINGLE (Groundball, 6MD)
Francisco Vega to third
Stephen Shaw to second
Runner from 3rd tries for Home, SAFE, no throw or cutoff
Batting: SHB Zach Franks 0-0: 3-RUN HOME RUN (Flyball, 9LD), Distance : 348 ft
Batting: LHB Luis Sánchez 0-0: Ball
1-0: Fly out, F3 (Popup, 3)
Top of the 4th over - 4 run(s), 3 hit(s), 0 error(s), 0 left on base; New Orleans 8 - Orlando 0
BOTTOM OF THE 4TH
Orlando Calrissian batting - Pitching for New Orleans Looters : RHP Chris Martin
Batting: LHB Danny Allen 0-0: Called Strike
0-1: Ball
1-1: Ball
2-1: Ball
3-1: Foul Ball, location: 2F
3-2: Ground out 3-1 (Groundball, 34)
Batting: SHB Tim Abbott 0-0: Ball
1-0: Foul Ball, location: 2F
1-1: Ball
2-1: Ground out 1-3 (Groundball, 15S)
Batting: LHB Santiago Márquez 0-0: Ball
1-0: SINGLE (Groundball, 34D)
Batting: RHB Rich Anderson 0-0: Called Strike
0-1: Fielders Choice at 2nd, U6 (Groundball, 6M)
Bottom of the 4th over - 0 run(s), 1 hit(s), 0 error(s), 1 left on base; New Orleans 8 - Orlando 0
TOP OF THE 5TH
New Orleans Looters batting - Pitching for Orlando Calrissian : RHP Tony Guerrero
Pitching: RHP Dave Heath
Batting: SHB Nate Rhodes 0-0: Ball
1-0: Ball
2-0: Ball
3-0: Base on Balls
Batting: RHB Rich Ruffin 0-0: Ball
Passed Ball!
Nate Rhodes to second
1-0: Ground out 5-3 (Groundball, 5S)
Nate Rhodes to third
Batting: RHB Dave O'Loan 0-0: Ball
1-0: Foul Ball, location: 2F
1-1: Foul Ball, location: 2F
1-2: Ball
2-2: Foul Ball, location: 2F
2-2: 2-RUN HOME RUN (Flyball, 7D), Distance : 370 ft
Batting: RHB Ángel Castaneda 0-0: Ground out 6-3 (Groundball, 56)
Batting: LHB Francisco Vega 0-0: Ball
1-0: Foul Ball, location: 2F
1-1: Ball
2-1: Ball
3-1: Base on Balls
Batting: RHB Stephen Shaw 0-0: SINGLE (Line Drive, 6MD)
Francisco Vega to second
Batting: LHB Taylor Smith 0-0: Foul Ball, location: 2F
0-1: Foul Ball, location: 2F
0-2: Ball
1-2: Ball
2-2: Ball
3-2: Base on Balls
Francisco Vega to third
Stephen Shaw to second
Batting: SHB Zach Franks 0-0: Foul Ball, location: 2F
0-1: Ball
1-1: Ball
2-1: Called Strike
2-2: Foul Ball, location: 2F
2-2: Strikes out swinging
Top of the 5th over - 2 run(s), 2 hit(s), 0 error(s), 3 left on base; New Orleans 10 - Orlando 0
BOTTOM OF THE 5TH
Orlando Calrissian batting - Pitching for New Orleans Looters : RHP Chris Martin
Batting: LHB Juan Colón 0-0: Called Strike
0-1: Ball
1-1: Foul Ball, location: 2F
1-2: Ball
2-2: Ball
3-2: Foul Ball, location: 2F
3-2: Fly out, F8 (Flyball, 8LM)
Batting: RHB Kenny Cole 0-0: Called Strike
0-1: Ball
1-1: Ball
2-1: Swinging Strike
2-2: Ball
3-2: Foul Ball, location: 2F
3-2: Strikes out swinging
Batting: RHB Frederico Hernández 0-0: Called Strike
0-1: Ground out 6-3 (Groundball, 6M)
Bottom of the 5th over - 0 run(s), 0 hit(s), 0 error(s), 0 left on base; New Orleans 10 - Orlando 0
TOP OF THE 6TH
New Orleans Looters batting - Pitching for Orlando Calrissian : RHP Dave Heath
Batting: LHB Luis Sánchez 0-0: Ball
1-0: Foul Ball, location: 2F
1-1: SINGLE (Groundball, 56D)
Batting: SHB Nate Rhodes 0-0: Ball
1-0: Foul Ball, location: 2F
1-1: Foul Ball, location: 2F
1-2: Strikes out swinging
Batting: RHB Rich Ruffin 0-0: Foul Ball, location: 2F
0-1: Ball
1-1: Fly out, F8 (Flyball, 8RXD)
Runner from 1st tags up, SAFE at 2nd
Batting: RHB Dave O'Loan 0-0: Ball
1-0: Foul Ball, location: 2F
1-1: Foul Ball, location: 2F
1-2: Fly out, F9 (Flyball, 9D)
Top of the 6th over - 0 run(s), 1 hit(s), 0 error(s), 1 left on base; New Orleans 10 - Orlando 0
BOTTOM OF THE 6TH
Orlando Calrissian batting - Pitching for New Orleans Looters : RHP Chris Martin
Batting: RHB Robby Lewis 0-0: DOUBLE (Flyball, 8LD)
Batting: RHB Enrique Bermúdez 0-0: Foul Ball, location: 2F
0-1: Ball
1-1: Ball
2-1: Swinging Strike
2-2: Foul Ball, location: 2F
2-2: SINGLE (Line Drive, 34)
Robby Lewis to third
Batting: LHB Danny Allen 0-0: Called Strike
0-1: Ball
1-1: Fly out, F9 (Line Drive, 89M)
Runner from 3rd tags up, SCORES, no throw
Batting: SHB Tim Abbott 0-0: Swinging Strike
0-1: Foul Ball, location: 2F
0-2: Ball
1-2: SINGLE (Line Drive, 3D)
Enrique Bermúdez to second
Runner from 2nd tries for 3rd, SAFE, no throw or cutoff
Batting: LHB Santiago Márquez 0-0: Called Strike
Tim Abbott is caught stealing 2nd base
0-1: Ball
1-1: Foul Ball, location: 2F
1-2: Ball
2-2: Foul Ball, location: 2F
2-2: Ground out 3-1 (Groundball, 34)
Bottom of the 6th over - 1 run(s), 3 hit(s), 0 error(s), 1 left on base; New Orleans 10 - Orlando 1
TOP OF THE 7TH
New Orleans Looters batting - Pitching for Orlando Calrissian : RHP Dave Heath
Pitching: LHP Salvador Rodríguez
Batting: RHB Ángel Castaneda 0-0: Ball
1-0: Foul Ball, location: 2F
1-1: Swinging Strike
1-2: Ball
2-2: Strikes out swinging
Batting: LHB Francisco Vega 0-0: Called Strike
0-1: Ball
1-1: SOLO HOME RUN (Flyball, 7D), Distance : 396 ft
Batting: RHB Stephen Shaw 0-0: Ball
1-0: Ball
2-0: Foul Ball, location: 2F
2-1: Foul Ball, location: 2F
2-2: Ground out 5-3 (Groundball, 56)
Batting: LHB Taylor Smith 0-0: Ball
1-0: Ball
2-0: Foul Ball, location: 2F
2-1: Ground out 1-3 (Groundball, 25)
Top of the 7th over - 1 run(s), 1 hit(s), 0 error(s), 0 left on base; New Orleans 11 - Orlando 1
BOTTOM OF THE 7TH
Orlando Calrissian batting - Pitching for New Orleans Looters : RHP Chris Martin
Batting: RHB Rich Anderson 0-0: Ball
1-0: SINGLE (Line Drive, 56)
Batting: LHB Juan Colón 0-0: Ball
1-0: Ball
2-0: DOUBLE (Line Drive, 78S)
Rich Anderson to third
Batting: RHB Kenny Cole 0-0: Ball
1-0: Called Strike
1-1: Swinging Strike
1-2: SINGLE (Groundball, 34D)
Rich Anderson scores
Juan Colón to third
Runner from 3rd tries for Home, SAFE, throw made home
Kenny Cole to second
Batting: RHB Frederico Hernández 0-0: Swinging Strike
0-1: Ball
1-1: SINGLE (Line Drive, 6D)
Kenny Cole to third
Batting: RHB Robby Lewis 0-0: Ball
1-0: Swinging Strike
1-1: Ball
2-1: SINGLE (Groundball, 6D)
Kenny Cole scores
Frederico Hernández to second
Batting: RHB Enrique Bermúdez 0-0: Called Strike
0-1: Ball
1-1: Ball
2-1: Ball
3-1: DOUBLE (Line Drive, 9LM)
Frederico Hernández scores
Robby Lewis to third
Batting: LHB Danny Allen 0-0: Ball
1-0: Foul Ball, location: 2F
1-1: Called Strike
1-2: Foul Ball, location: 2F
1-2: Ball
2-2: Foul Ball, location: 2F
2-2: Foul Ball, location: 2F
2-2: Ball
3-2: Foul Ball, location: 2F
3-2: Fly out, F9 (Line Drive, 9S)
Batting: SHB Tim Abbott 0-0: Called Strike
0-1: Called Strike
0-2: Fly out, F8 (Flyball, 8RS)
Runner from 3rd tags up, OUT at HOME
Bottom of the 7th over - 4 run(s), 6 hit(s), 0 error(s), 1 left on base; New Orleans 11 - Orlando 5
TOP OF THE 8TH
New Orleans Looters batting - Pitching for Orlando Calrissian : LHP Salvador Rodríguez
Batting: SHB Zach Franks 0-0: Ball
1-0: Ball
2-0: Called Strike
2-1: Ground out 1-3 (Groundball, 25)
Batting: LHB Luis Sánchez 0-0: Swinging Strike
0-1: Ground out 4-3 (Groundball, 4S)
Batting: SHB Nate Rhodes 0-0: Ball
1-0: Ball
2-0: Fly out, F8 (Flyball, 8LD)
Top of the 8th over - 0 run(s), 0 hit(s), 0 error(s), 0 left on base; New Orleans 11 - Orlando 5
BOTTOM OF THE 8TH
Orlando Calrissian batting - Pitching for New Orleans Looters : RHP Chris Martin
Pitching: LHP Juan Fuentes
Now at 1B: Justino Salas
Now in CF: José Esparza
Batting: LHB Santiago Márquez 0-0: Swinging Strike
0-1: Ball
1-1: Ball
2-1: Called Strike
2-2: Foul Ball, location: 2F
2-2: Strikes out looking
Batting: RHB Rich Anderson 0-0: Ball
1-0: SINGLE (Groundball, 15S) (infield hit)
Batting: LHB Juan Colón 0-0: Ground out 4-3 (Groundball, 4S)
Rich Anderson to second
Batting: RHB Kenny Cole 0-0: Fly out, F7 (Line Drive, 7LD)
Bottom of the 8th over - 0 run(s), 1 hit(s), 0 error(s), 1 left on base; New Orleans 11 - Orlando 5
TOP OF THE 9TH
New Orleans Looters batting - Pitching for Orlando Calrissian : LHP Salvador Rodríguez
Batting: RHB Rich Ruffin 0-0: Fly out, F9 (Flyball, 9M)
Batting: RHB Dave O'Loan 0-0: DOUBLE (Line Drive, 6D)
Batting: RHB Ángel Castaneda 0-0: Ball
1-0: Swinging Strike
1-1: Ball
2-1: Ball
3-1: Ground out 6-3 (Groundball, 6)
Batting: LHB Francisco Vega 0-0: Ball
1-0: Foul Ball, location: 2F
1-1: Ball
2-1: Fly out, F6 (Popup, 6MD)
Top of the 9th over - 0 run(s), 1 hit(s), 0 error(s), 1 left on base; New Orleans 11 - Orlando 5
BOTTOM OF THE 9TH
Orlando Calrissian batting - Pitching for New Orleans Looters : LHP Juan Fuentes
Batting: RHB Frederico Hernández 0-0: Ball
1-0: Ball
2-0: Called Strike
2-1: Bunt for hit - play at first, batter safe!
Batting: RHB Robby Lewis 0-0: Foul Ball, location: 2F
0-1: Called Strike
0-2: Ball
1-2: Foul Ball, location: 2F
1-2: Strikes out swinging
Batting: RHB Enrique Bermúdez 0-0: Ball
1-0: Ball
2-0: Reached on error, E2 (Groundball, 23)
Frederico Hernández to third
Batting: LHB Danny Allen 0-0: Called Strike
0-1: Ball
1-1: Called Strike
1-2: SINGLE (Groundball, 34S)
Frederico Hernández scores
Enrique Bermúdez to third
Runner from 3rd tries for Home, throw and OUT!
Danny Allen to second
Batting: SHB Tim Abbott 0-0: Called Strike
0-1: Called Strike
0-2: Strikes out swinging
Bottom of the 9th over - 1 run(s), 2 hit(s), 1 error(s), 1 left on base; New Orleans 11 - Orlando 6
Monday, December 5th, 2016 - OOTP Baseball 17.12 Build 75